 Dungeon Crawl Stone Soup version 0.26.1-11-gd32895ea62 (webtiles) character file.

Game seed: 17513918556381874843

273 Almogavar the Slasher (level 6, -7/49 HPs)
             Began as a Barachi Fighter on May 4, 2021.
             Mangled by an ogre
             ... wielding a +0 giant club
              (17 damage)
             ... on level 4 of the Dungeon.
             The game lasted 00:09:07 (3186 turns).

Almogavar the Slasher (Barachi Fighter)             Turns: 3186, Time: 00:09:07

Health: -7/49      AC:  8    Str: 19    XL:     6   Next: 24%
Magic:  6/6        EV:  8    Int:  9    God:
Gold:   132        SH:  9    Dex: 11    Spells: 5/5 levels left

rFire    . . .     SeeInvis .   a - +1 long sword
rCold    . . .     Faith    .   c - +0 kite shield
rNeg     + . .     Spirit   .   b - +0 scale mail
rPois    .         Reflect  .   (no helmet)
rElec    .         Harm     .   l - +0 cloak
rCorr    +         Rampage  .   (no gloves)
Will     .....                  (no boots)
Stlth    ..........             (no amulet)
HPRegen  0.16/turn              i - ring of positive energy
MPRegen  0.10/turn              q - ring of resist corrosion

@: slow
A: +LOS, swims, slowness 1, strong legs 1
a: Hop


You were on level 4 of the Dungeon.
You visited 1 branch of the dungeon, and saw 4 of its levels.

You collected 132 gold pieces.

Inventory:

Hand Weapons
 a - a +1 long sword (weapon)
 j - a +0 hunting sling
Missiles
 o - 73 sling bullets
 p - 101 stones
Armour
 b - a +0 scale mail (worn)
 c - a +0 kite shield (worn)
 f - a +0 chain mail
 l - a +0 cloak (worn)
Jewellery
 i - a ring of positive energy (left hand)
 q - a ring of resist corrosion (right hand)
Scrolls
 e - 5 scrolls of enchant weapon
 h - a scroll of amnesia {unknown}
 k - 2 scrolls of remove curse
 m - a scroll of blinking {unknown}
 n - a scroll of identify {unknown}
Potions
 d - a potion of might
 g - a potion of magic
 r - a potion of ambrosia {unknown}
 s - a potion of brilliance {unknown}
 t - a potion of heal wounds {unknown}


   Skills:
 + Level 4.5 Fighting
 + Level 5.2 Long Blades
 + Level 4.6 Armour
 + Level 1.7 Dodging
 + Level 4.3 Shields


You had 5 spell levels left.
You didn't know any spells.
Your spell library was empty.

Dungeon Overview and Level Annotations

Branches:
Dungeon (4/15)
 Temple: D:4-7

Altars:
Elyvilon
Uskayaw


Innate Abilities, Weirdness & Mutations

You can be seen from farther away. (+LOS)
You can swim through water.
You cover ground slowly.
You can hop short distances.


Message History

The howler monkey hoots and howls with incredible vigour!
You hit the howler monkey.
The howler monkey is severely wounded.
You block the howler monkey's attack. The howler monkey hits you.
You hit the howler monkey.
The howler monkey is severely wounded.
You block the howler monkey's attack.
You hit the howler monkey.
The howler monkey is almost dead.
The howler monkey hoots and howls with incredible vigour!
The ogre hits you with a +0 giant club! The howler monkey barely misses you.
You hear a shout! x3
You hit the howler monkey.
You kill the howler monkey!
The ogre hits you with a +0 giant club! The ogre hits you with a +0 giant club!
* * * LOW HITPOINT WARNING * * *
It was a potion of magic.
Magic courses through your body. The ogre hits you with a +0 giant club!
You die...

#.# #.# #.# ## #.# .. #....
.. #.# ...#.... .#.#####.####
...#.... .#..........#
........ ###.#######.##.#
........ #.@.#........#.#
........ ###+#O###†####.#.#.#
........ #...Z........#.#.#.#
........##....####.##.#.#.#.#
..............####.# #.#.#.#
................##.# #.#.#.#
......##..$.....##.. #.#....
............$...#### #.#####
...#.....#......... #.#


You could see an ogre and a quokka skeleton.

Vanquished Creatures
  A howler monkey (D:4)
  Crazy Yiuf (D:2)
  Natasha (thrice) (D:2)
  4 adders
  An ooze (D:2)
  An adder skeleton (D:2)
  2 worms (D:2)
  A dart slug (D:1)
  2 leopard geckos
  An orc (D:3)
  7 bats
  6 giant cockroaches
  6 goblins
  11 hobgoblins
  11 jackals
  2 quokkas
  A frilled lizard (D:3)
  8 kobolds
  12 rats
81 creatures vanquished.

Notes
Turn   | Place    | Note
-------+----------+-------------------------------------------
     0 | D:1      | Almogavar the Barachi Fighter began the quest for the Orb.
     0 | D:1      | Reached XP level 1. HP: 18/18 MP: 1/1
   253 | D:1      | Reached XP level 2. HP: 25/25 MP: 2/2
   412 | D:1      | Reached XP level 3. HP: 26/30 MP: 3/3
   463 | D:1      | Reached skill level 3 in Long Blades
   938 | D:1      | Reached XP level 4. HP: 21/37 MP: 4/4
  1291 | D:2      | Found a white marble altar of Elyvilon.
  1400 | D:2      | Found a faded altar of an unknown god.
  1467 | D:2      | Found a runed translucent door.
  1468 | D:2      | Noticed Crazy Yiuf
  1573 | D:2      | Reached skill level 1 in Dodging
  1967 | D:2      | Noticed Natasha
  1976 | D:2      | Killed Natasha
  1977 | D:2      | Reached skill level 4 in Long Blades
  1977 | D:2      | Reached XP level 5. HP: 40/42 MP: 5/5
  2055 | D:2      | Noticed Natasha
  2062 | D:2      | Killed Natasha
  2265 | D:2      | Noticed Natasha
  2272 | D:2      | Killed Natasha
  2385 | D:2      | Killed Crazy Yiuf
  2386 | D:2      | Reached skill level 5 in Long Blades
  2645 | D:3      | Noticed a +0 dagger
  2646 | D:3      | Noticed a +0 dagger
  2648 | D:3      | Found a hide-covered altar of Uskayaw.
  2671 | D:3      | Reached XP level 6. HP: 49/49 MP: 6/6
  3186 | D:4      | Mangled by an ogre

Illustrated notes

Levels and vault maps discovered:
D:1:      minmay_arrival_loop, layout_rooms
D:2:      layout_loops_cross, marbit_many_paths,
          chequers_ecumenical_altar_simple, minmay_puff, uniq_natasha,
          uniq_crazy_yiuf_cottage
D:3:      layout_basic, dancing_weapons_uskayaw
D:4:      layout_basic, serial_shops, nicolae_shop_stone

Skill      XL: |  1  2  3  4  5 |
---------------+----------------+-----
Armour         | 4 |  4.6
Long Blades    | 3 4 5 |  5.2
Fighting       | 4 |  4.5
Dodging        | 1 |  1.7
Shields        | 4 |  4.3

Action                   |  1- 3 |  4- 6 || total
-------------------------+-------+-------++-------
Melee: Long sword        |    90 |   147 ||   237
  Use: Scroll            |     1 |     1 ||     2
       Potion            |       |     1 ||     1
Armor: Scale mail        |    49 |    77 ||   126
Dodge: Dodged            |    41 |    54 ||    95
Block: Kite shield       |    53 |    83 ||   136
       Rpst.: Long sword |     6 |    12 ||    18
